 Dungeon Crawl Stone Soup version 0.20-a0-522-g0b37eee (webtiles) character file.

76857 Duffy the Cleaver (level 15, -5/118 HPs)
             Began as a Demonspawn Fighter on Jan 26, 2017.
             Was the Champion of Makhleb.
             Slain by a reaper
             ... wielding a +0 scythe of freezing
              (41 damage)
             ... in an ice cave.
             The game lasted 00:36:05 (26554 turns).

Duffy the Cleaver (Demonspawn Fighter)             Turns: 26554, Time: 00:36:06

Health: -5/118     AC: 22    Str: 31    XL:     15   Next: 13%
Magic:  20/20      EV:  9    Int:  4    God:    Makhleb [******]
Gold:   100        SH: 21    Dex: 20    Spells: 14/14 levels left

rFire    . . .     SeeInvis +   X - +7 war axe "Tizumn" {flame, Dex+3}
rCold    . . .     Gourm    .   i - +3 chain mail
rNeg     + + .     Faith    .   U - +0 large shield
rPois    +         Spirit   .   (helmet unavailable)
rElec    .         Reflect  .   m - +0 cloak
rCorr    .         Harm     .   u - +0 pair of gloves
MR       +....                  n - +2 pair of boots
Stlth    +.........             R - amulet of Fuicei Xone {*Drain rPois Regen+ Dex+4 SInv}
Regen    0.7/turn               J - ring "Padwoh" {+Inv rF+ rN+}
                                M - ring "Lappaaro" {rF- Str+8 Int-5 Slay+4 Stlth+}

@: no status effects
A: horns 3, repulsion field 2, negative energy resistance 1, nightstalker 1,
powered by death 1
a: Minor Destruction, Lesser Servant of Makhleb, Major Destruction, Greater
Servant of Makhleb, Renounce Religion, Evoke Invisibility


You were in an ice cave.
You worshipped Makhleb.
Makhleb was exalted by your worship.
You were not hungry.

You visited 3 branches of the dungeon, and saw 22 of its levels.
You also visited: Sewer and Ice Cave.

You collected 2329 gold pieces.
You spent 2229 gold pieces at shops.

Inventory:

Hand Weapons
 a - the +0 war axe "Echucw" {elec, Int+3}
   (You found it on level 2 of the Lair of Beasts)

   Occasionally, upon striking a foe, it will discharge some electrical energy
   and cause terrible harm.
   It affects your intelligence (+3).
 b - a +1 broad axe of flaming
 X - the +7 war axe "Tizumn" (weapon) {flame, Dex+3}
   (You acquired it on level 13 of the Dungeon)

   It has been specially enchanted to burn those struck by it, causing extra
   injury to most foes and up to half again as much damage against particularly
   susceptible opponents.
   Big, fiery blades are also staple armaments of hydra-hunters.
   It affects your dexterity (+3).
Armour
 i - a +3 chain mail (worn)
 m - a +0 cloak (worn)
 n - a +2 pair of boots (worn)
 u - a +0 pair of gloves (worn)
 U - a +0 large shield (worn)
Jewellery
 c - an uncursed ring of ice
 v - an uncursed ring of positive energy {unknown}
 y - an uncursed ring of see invisible
 J - the ring "Padwoh" (right hand) {+Inv rF+ rN+}
   (You bought it in a shop on level 9 of the Dungeon)

   [ring of positive energy]

   It protects you from fire.
   It protects you from negative energy.
   It lets you turn invisible.
 M - the ring "Lappaaro" (left hand) {rF- Str+8 Int-5 Slay+4 Stlth+}
   (You found it on level 11 of the Dungeon)

   [ring of slaying]

   It affects your strength (+8).
   It affects your intelligence (-5).
   It affects your accuracy and damage with ranged weapons and melee attacks
   (+4).
   It makes you vulnerable to fire.
   It makes you more stealthy.
 R - the amulet of Fuicei Xone (around neck) {*Drain rPois Regen+ Dex+4 SInv}
   (You found it on level 7 of the Dungeon)

   [amulet of regeneration]

   It affects your dexterity (+4).
   It protects you from poison.
   It lets you see invisible.
   It increases your rate of regeneration.
   It causes draining when unequipped.
Wands
 A - a wand of polymorph (10/24)
 H - a wand of digging (12/24)
 I - a wand of lightning (3/15)
 L - a wand of confusion (29/48)
 P - a wand of flame (17/48)
 Q - a wand of random effects (33/48)
 T - a wand of lightning (7/15)
 V - a wand of confusion (20/48)
 Y - a wand of lightning (10/15)
Scrolls
 g - 5 scrolls of magic mapping
 o - 2 scrolls of recharging
 t - 4 scrolls of teleportation
 w - 3 scrolls of remove curse
 B - 4 scrolls of enchant weapon
 C - a scroll of summoning
 D - a scroll of blinking
 F - 4 scrolls of fear
 K - a scroll of enchant armour
 S - a scroll of fog
 W - a scroll of vulnerability
Potions
 d - 9 potions of might
 e - 3 potions of haste
 j - 2 potions of resistance
 k - 3 potions of heal wounds
 l - 5 potions of curing
 p - 2 potions of ambrosia
 q - 3 potions of flight
 r - a potion of invisibility
 z - 2 potions of berserk rage
 E - 7 potions of agility
 G - a potion of cure mutation
 N - 3 potions of cancellation
Miscellaneous
 O - a sack of spiders
Comestibles
 f - 7 bread rations
 h - 12 royal jellies
 s - 5 fruits
 x - 6 meat rations
 Z - 5 chunks of flesh


   Skills:
 + Level 11.0 Fighting
 + Level 13.9 Axes
 + Level 12.0 Armour
 + Level 12.1 Shields
 - Level 5.0 Invocations
 - Level 7.5 Evocations


You had 14 spell levels left.
You didn't know any spells.

Dungeon Overview and Level Annotations

Branches:
Dungeon (14/15)            Temple (0/1) D:4            Lair (6/6) D:10
 Shoals (0/4) Lair:3        Snake (0/4) Lair:3        Slime (0/5) Lair:6
    Orc (2/2) D:12            Elf (0/3) Orc:2        Vaults (0/5) D:13

Altars:
Ashenzari
Kikubaaqudgha
Makhleb
Ru
Trog
Uskayaw
Vehumet
The Shining One
Beogh
Jiyva

Shops:
D:9 =   D:13 *   Orc:2 ::(?

Annotations:
Lair:4 exclusion: oklob plant


Innate Abilities, Weirdness & Mutations

You have a pair of large horns on your head.
You are surrounded by a moderate repulsion field. (EV +3)
You resist negative energy. (rN+)
You are slightly more attuned to the shadows.
You regenerate a little health from kills.


Message History

You are engulfed in freezing vapours.
The reaper hits you with a scythe of freezing!!!
The reaper freezes you. The ice devil closely misses you.
You hear a shout!
You feel much better.
You are engulfed in freezing vapours.
The reaper is engulfed in freezing vapours.
You block the reaper's attack. You block the ice devil's attack.
An ufetubus comes into view.
You closely miss the reaper. Your headbutt misses the reaper.
The reaper is almost dead.
You hit the ice devil but do no damage.
You are engulfed in freezing vapours.
The ice devil hits you but does no damage.
You hit the reaper. You burn the reaper. Your headbutt misses the reaper.
The reaper is almost dead.
You slash the ice devil! You burn the ice devil.
You are engulfed in freezing vapours.
You block the reaper's attack.
You feel much better.
You are engulfed in freezing vapours.
You block the ice devil's attack.
The reaper hits you with a scythe of freezing!!!
You die...

#.......## ##..
#........# #...
###.......###..#
#..#.#.....#..##
##.0#.##......##)
#0.0#..###....##.
##0.000...#...###.
#.00.0..0.#...# ##
#@.####000#...# ##
#).24000..~0.....#
#.
#%.#000000....#..#
#. ##.#0#0~#4#..##
#. # ###.0# # .#
#. 0## ##. # #..
#.. ##..


You could see a reaper and 2 ice devils.

Vanquished Creatures
  Azrael (D:12)
  2 ogre magi (Orc:2)
  Erolcha (Orc:2)
  An ice dragon (Lair:6)
  3 centaur warriors
  5 vault guards (D:13)
  Fannar (D:12)
  A catoblepas (D:14)
  2 hydras
  4 two-headed ogres
  An orc high priest (Orc:2)
  Nergalle (Orc:2)
  5 skeletal warriors (D:13)
  3 orc knights
  A lindwurm (Lair:6)
  A deep elf mage (D:13)
  An oklob plant (Lair:1)
  Pikel (D:7)
  5 orc sorcerers (Orc:2)
  An ugly thing (D:13)
  A wolf spider (Lair:6)
  A cyclops (D:12)
  4 elephants (Lair:6)
  A manticore (D:13)
  9 black mambas
  A guardian serpent (Lair:6)
  5 torpor snails (Lair:6)
  Psyche (D:12)
  2 ice statues (IceCv)
  6 spiny frogs
  A yaktaur (D:13)
  A gargoyle (D:13)
  4 komodo dragons
  2 rime drakes
  An efreet (D:14)
  4 ice devils (IceCv)
  2 tengu conjurers (D:13)
  A queen bee (D:9)
  4 trolls
  2 polar bears
  Prince Ribbit (D:9)
  2 tyrant leeches (Lair:6)
  4 blink frogs (Lair:5)
  7 hornets (Lair:6)
  10 hippogriffs
  10 dream sheep
  2 wraiths
  A redback (Lair:6)
  42 yaks
  Sigmund (D:6)
  8 spriggans (D:9)
  3 hogs (D:13)
  3 fire elementals (D:12)
  5 wyverns (Lair:6)
  3 basilisks
  7 fire bats (Lair:5)
  A hungry ghost (D:8)
  Grum (D:8)
  2 wargs (Orc:1)
  3 nagas (Lair:3)
  24 water moccasins
  9 porcupines
  5 hell hounds
  19 orc warriors
  10 ice beasts
  2 sky beasts
  An eye of draining (D:9)
  A necrophage (D:6)
  7 phantoms
  14 ogres
  6 wolves
  11 crocodiles
  6 centaurs
  A big kobold (D:9)
  Blork the orc (D:4)
  19 bullfrogs
  3 scorpions
  28 killer bees
  A water moccasin skeleton (D:11)
  3 wights (D:9)
  7 howler monkeys
  A vampire bat (D:5)
  2 electric eels
  10 crimson imps
  4 centaur zombies
  11 orc priests
  A gnoll shaman (D:10)
  3 centaur skeletons
  7 hounds
  4 jellies
  2 bullfrog skeletons (D:11)
  4 iguanas
  Crazy Yiuf (D:5)
  27 orc wizards
  10 worker ants
  A hound skeleton (D:8)
  8 gnolls
  15 adders
  A shadow imp (D:12)
  8 white imps (IceCv)
  9 ufetubi (IceCv)
  An ooze (D:3)
  A worm (D:2)
  5 dart slugs
  10 leopard geckos
  89 orcs
  7 giant cockroaches
  4 goblins
  5 hobgoblins
  12 jackals
  11 kobolds
  4 quokkas
  18 bats
  5 frilled lizards
  4 rats
  3 fungi
  10 plants
706 creatures vanquished.

Vanquished Creatures (collateral kills)
  Kirke (D:13)
  4 hydras
  An orc sorcerer (Orc:2)
  2 tyrant leeches (Lair:6)
  A hornet (Lair:6)
  A dream sheep (Lair:6)
  A hippogriff (Lair:6)
  2 wyverns (Lair:6)
  A wraith (D:12)
  4 water moccasins (Lair:6)
  An ogre (Orc:2)
  A bullfrog (Lair:2)
  3 orc wizards (Orc:2)
  2 orcs (Orc:2)
  A plant (Lair:6)
26 creatures vanquished.

Vanquished Creatures (others)
  A water elemental (D:12)
  A human (D:13)
  An ogre (D:13)
  3 electric eels (D:12)
  A jelly (D:12)
  An orc wizard (Orc:2)
  A white imp (IceCv)
  2 ufetubi (IceCv)
  2 orcs
  A quokka (D:7)
  8 fungi
  16 plants
38 creatures vanquished.

Grand Total: 770 creatures vanquished

Notes
Turn   | Place    | Note
-------+----------+-------------------------------------------
     0 | D:1      | Duffy the Demonspawn Fighter began the quest for the Orb.
     0 | D:1      | Reached XP level 1. HP: 18/18 MP: 1/1
   141 | D:1      | Reached skill level 2 in Axes
   378 | D:1      | Gained mutation: You are slightly more attuned to the shadows. [demonic ancestry]
   378 | D:1      | Reached XP level 2. HP: 22/24 MP: 2/2
  1526 | D:2      | Found a bloodstained altar of Trog.
  1549 | D:2      | Reached XP level 3. HP: 24/29 MP: 3/3
  2004 | D:2      | Found a shattered altar of Ashenzari.
  2015 | D:2      | Found a radiant altar of Vehumet.
  2301 | D:3      | Found a glowing drain.
  2342 | Sewer    | Entered a sewer
  2351 | Sewer    | Reached XP level 4. HP: 35/35 MP: 4/4
  2442 | Sewer    | Noticed a crocodile
  3298 | D:3      | Reached skill level 3 in Axes
  3366 | D:4      | Noticed an ogre
  3402 | D:3      | Reached XP level 5. HP: 16/41 MP: 5/5
  4516 | D:4      | Gained mutation: You are surrounded by a mild repulsion field. (EV +2) [demonic ancestry]
  4516 | D:4      | Reached XP level 6. HP: 47/48 MP: 6/6
  4584 | D:5      | Entered Level 5 of the Dungeon
  4681 | D:4      | Reached skill level 4 in Axes
  4920 | D:4      | Gained mutation: You have a pair of small horns on your head. [demonic ancestry]
  4920 | D:4      | Reached XP level 7. HP: 39/53 MP: 7/7
  5233 | D:4      | Found a burning altar of Makhleb.
  5236 | D:4      | Became a worshipper of Makhleb the Destroyer
  5453 | D:4      | Found a staircase to the Ecumenical Temple.
  5620 | D:5      | Reached skill level 5 in Axes
  5840 | D:5      | Noticed Blork the orc
  5873 | D:4      | Killed Blork the orc
  5951 | D:5      | Reached skill level 5 in Armour
  6018 | D:5      | Reached * piety under Makhleb
  6018 | D:5      | Reached skill level 5 in Shields
  6018 | D:5      | Reached XP level 8. HP: 53/60 MP: 8/8
  6070 | D:5      | Reached skill level 6 in Axes
  6547 | D:5      | You fall through a shaft for 3 floors!
  6822 | D:7      | Reached skill level 7 in Axes
  7103 | D:5      | Found a runed door.
  7107 | D:5      | Noticed Crazy Yiuf
  7111 | D:5      | Killed Crazy Yiuf
  7224 | D:6      | Noticed Sigmund
  7232 | D:6      | Killed Sigmund
  7232 | D:6      | Reached XP level 9. HP: 63/65 MP: 9/9
  7578 | D:6      | Reached ** piety under Makhleb
  7881 | D:6      | Reached skill level 8 in Axes
  7916 | D:6      | Found a glowing golden altar of the Shining One.
  8119 | D:7      | Noticed Pikel
  8130 | D:7      | Killed Pikel
  8843 | D:8      | Reached skill level 9 in Axes
  9660 | D:8      | Reached XP level 10. HP: 71/71 MP: 10/10
 10034 | D:9      | Found a sacrificial altar of Ru.
 10051 | D:9      | Found a hide-covered altar of Uskayaw.
 10276 | D:9      | Noticed a two-headed ogre
 10292 | D:9      | Killed a two-headed ogre
 10292 | D:9      | Reached skill level 10 in Axes
 10518 | D:9      | Found a bloodstained altar of Trog.
 10522 | D:9      | Reached *** piety under Makhleb
 10532 | D:9      | Noticed Grum
 10583 | D:8      | Killed Grum
 11419 | D:9      | Gained mutation: You have a pair of horns on your head. [demonic ancestry]
 11419 | D:9      | Reached XP level 11. HP: 27/78 MP: 11/11
 11830 | D:9      | Found Leskaunn's Jewellery Shoppe.
 11943 | D:9      | Noticed Prince Ribbit
 11958 | D:9      | Killed Prince Ribbit
 12025 | D:10     | Entered Level 10 of the Dungeon
 12146 | D:10     | Reached skill level 11 in Axes
 12215 | D:10     | Reached skill level 5 in Fighting
 12354 | D:10     | Reached **** piety under Makhleb
 12678 | D:10     | Reached skill level 1 in Invocations
 12689 | D:10     | Found a staircase to the Lair.
 13117 | D:11     | Noticed a two-headed ogre
 13126 | D:11     | Killed a two-headed ogre
 13320 | D:11     | Reached skill level 5 in Invocations
 13341 | D:11     | Got a faintly glowing amber ring
 13355 | D:11     | Identified the ring "Lappaaro" {rF- Str+8 Int-5 Slay+4 Stlth+} (You found it on level 11 of the Dungeon)
 13497 | D:9      | Bought the ring "Padwoh" {+Inv rF+ rN+} for 451 gold pieces
 13659 | D:11     | Noticed a centaur warrior
 13669 | D:11     | Killed a centaur warrior
 14059 | Lair:1   | Entered Level 1 of the Lair of Beasts
 14337 | Lair:1   | Noticed a seven-headed hydra
 14349 | Lair:1   | Killed a seven-headed hydra
 14471 | Lair:1   | Noticed an oklob plant
 14887 | Lair:1   | Reached skill level 1 in Evocations
 15639 | Lair:2   | Noticed an eight-headed hydra
 15645 | Lair:2   | Killed an eight-headed hydra
 15645 | Lair:2   | Gained mutation: You are surrounded by a moderate repulsion field. (EV +3) [demonic ancestry]
 15645 | Lair:2   | Reached XP level 12. HP: 69/88 MP: 15/15
 15910 | Lair:2   | Got a polished war axe
 15911 | Lair:2   | Identified the cursed +0 war axe "Echucw" {elec, Int+3} (You found it on level 2 of the Lair of Beasts)
 16716 | Lair:3   | Got a brightly glowing lead ring
 16725 | Lair:3   | Identified the ring of Mifeargh {rN+ Str-2 Int+4 Stlth+} (You found it on level 3 of the Lair of Beasts)
 16769 | Lair:3   | Found a staircase to the Shoals.
 16830 | Lair:3   | Found a staircase to the Snake Pit.
 16843 | Lair:3   | Reached skill level 12 in Axes
 17655 | Lair:4   | Noticed an eight-headed hydra
 17684 | Lair:4   | Killed an eight-headed hydra
 17743 | Lair:4   | Found a sacrificial altar of Ru.
 18222 | Lair:4   | Noticed an eight-headed hydra
 18231 | Lair:4   | Killed an eight-headed hydra
 19139 | Lair:5   | Reached skill level 5 in Evocations
 19532 | Lair:6   | Entered Level 6 of the Lair of Beasts
 19580 | Lair:6   | Reached skill level 10 in Shields
 19605 | Lair:6   | Reached skill level 10 in Armour
 19605 | Lair:6   | Gained mutation: You regenerate a little health from kills. [demonic ancestry]
 19605 | Lair:6   | Reached XP level 13. HP: 98/98 MP: 16/16
 19796 | Lair:6   | Found a viscous altar of Jiyva.
 19796 | Lair:6   | Found a staircase to the Slime Pits.
 19845 | Lair:6   | Reached ***** piety under Makhleb
 20624 | Lair:6   | Found a runed door.
 20636 | Lair:6   | Paralysed by a hornet for 3 turns
 20750 | Lair:6   | Reached skill level 13 in Axes
 21735 | D:12     | Gained mutation: You have a pair of large horns on your head. [demonic ancestry]
 21735 | D:12     | Reached XP level 14. HP: 106/108 MP: 19/19
 21857 | D:12     | Found a staircase to the Orcish Mines.
 21861 | D:12     | Identified a scroll of acquirement
 21865 | D:12     | Got a faintly glowing war axe
 21866 | D:12     | Identified the +1 war axe of Sumudab {flame, MR+ Dex+3} (You acquired it on level 12 of the Dungeon)
 21973 | D:12     | Noticed Azrael
 22030 | D:12     | Noticed Psyche
 22049 | D:12     | Killed Psyche
 22466 | D:12     | Killed Azrael
 22678 | D:12     | Noticed Fannar
 22701 | D:12     | Killed Fannar
 22979 | Orc:1    | Entered Level 1 of the Orcish Mines
 23155 | Orc:2    | Entered Level 2 of the Orcish Mines
 23155 | Orc:2    | Found a staircase to the Elven Halls.
 23866 | Orc:2    | Reached skill level 10 in Fighting
 23899 | Orc:2    | Found a radiant altar of Vehumet.
 23900 | Orc:2    | Noticed Erolcha
 23917 | Orc:2    | Killed Erolcha
 23943 | Orc:2    | Noticed Nergalle
 24223 | Orc:2    | Reached ****** piety under Makhleb
 24294 | Orc:2    | Found an ancient bone altar of Kikubaaqudgha.
 24303 | Orc:2    | Killed Nergalle
 24317 | Orc:2    | Found a roughly hewn altar of Beogh.
 24328 | Orc:2    | Found Yliutui's Antique Weapon Emporium.
 24338 | Orc:2    | Found Geirr's Magic Scroll Shoppe.
 24396 | Orc:2    | Found Dong's Book Emporium.
 24451 | Orc:2    | Found Tuetz's Book Shoppe.
 24620 | Orc:2    | Bought a glowing broad axe for 280 gold pieces
 24632 | Orc:2    | Bought a scroll of enchant weapon for 90 gold pieces
 24632 | Orc:2    | Bought 3 scrolls of fear for 126 gold pieces
 24632 | Orc:2    | Bought a scroll of magic mapping for 42 gold pieces
 24632 | Orc:2    | Bought a scroll of recharging for 114 gold pieces
 24632 | Orc:2    | Bought a scroll of identify for 24 gold pieces
 24632 | Orc:2    | Bought a scroll of enchant weapon for 90 gold pieces
 24632 | Orc:2    | Bought a scroll of noise for 12 gold pieces
 24632 | Orc:2    | Bought a scroll of random uselessness for 12 gold pieces
 24830 | D:13     | Found a gate to the Vaults.
 24981 | D:13     | Found Guggurui's Assorted Antiques.
 25310 | D:13     | Noticed Kirke
 25582 | D:13     | Noticed a sphinx
 25626 | D:13     | Killed Kirke
 25626 | D:13     | Gained mutation: You resist negative energy. (rN+) [demonic ancestry]
 25626 | D:13     | Reached XP level 15. HP: 83/117 MP: 20/20
 26097 | D:7      | Got a transparent bone amulet
 26098 | D:7      | Identified the amulet of Fuicei Xone {*Drain rPois Regen+ Dex+4 SInv} (You found it on level 7 of the Dungeon)
 26273 | D:13     | Bought a scroll of acquirement for 988 gold pieces
 26274 | D:13     | Got an ichor-stained war axe
 26275 | D:13     | Identified the +7 war axe "Tizumn" {flame, Dex+3} (You acquired it on level 13 of the Dungeon)
 26409 | D:14     | Found a frozen archway.
 26418 | IceCv    | Entered an ice cave
 26554 | IceCv    | Slain by a reaper

Vault maps used:
D:1:      minmay_arrival_plants_in_alcoves, minmay_pentomino_t4
D:2:      minitemple, trog_butcher_becter
D:3:      lemuel_castle_with_subvaults, gup_sewer_entry_pipe
D:4:      lemuel_doored_altar, minmay_temple_entry_fiery
D:5:      first_bread, roderic_batcave, glass_columns_a, uniq_blork_the_orc,
          uniq_crazy_yiuf_cottage
D:6:      nicolae_tso_swordbearing_angel, serial_park, serial_park_tiny_pond,
          kennysheep_generic_room_15, uniq_sigmund
D:7:      serial_glass, glass_columns_b, glass_columns_a, glass_columns_b,
          glass_columns_b, glass_columns_a, glass_columns_a,
          due_unseen_surprise, feat_on_display, item_on_display_a, uniq_pikel
D:8:      kennysheep_blocky_hall
D:9:      kb_forest_paths, bloody_trog, nicolae_ru_sacrificial_ziggurat,
          nicolae_overflow_crystal_walls, serial_shops, shop_statue,
          david_nohive_1, uniq_grum, uniq_prince_ribbit1
D:10:     minmay_lair_entry_lava, nrook_mini_vaults
D:12:     orc_0_dummy, uniq_psyche, uniq_fannar, uniq_azrael
D:13:     grunt_vaults_entry_fortified, serial_shops, nicolae_shop_crystal,
          uniq_kirke
D:14:     gargoyle_guard, portal_ice_cave_entry_ice_beasts,
          minmay_misc_feat_roman, minivault_15, grunt_decor_cap
Lair:1:   minmay_holes, minmay_lair_oklob_chamber
Lair:2:   st_stairs_7, infiniplex_staircase_pool_2
Lair:3:   shoals_dummy_entry, minmay_snake_entry_guardpost_small, st_stairs_5,
          infiniplex_staircase_pool
Lair:4:   lemuel_oklob_altar, grunt_megastairs_2
Lair:5:   grunt_megastairs_3
Lair:6:   hangedman_lair_tendril_chambers, wormcave,
          dpeg_slime_entry_enclosed_altar
Orc:2:    kennysheep_orc_mage_school
Sewer:    sewer_big_baddie
IceCv:    ice_cave_small_demon

Skill      XL: |  1  2  3  4  5  6  7  8  9 10 11 12 13 14 15 |
---------------+----------------------------------------------+-----
Axes           | 2 3 4 5 7 9 10 11 12 13 | 13.9
Shields        | 3 4 5 6 7 8 9 10 12 | 12.1
Armour         | 3 4 5 6 7 8 10 11 12 | 12.0
Fighting       | 4 6 7 9 10 11 | 11.0
Invocations    | 5 |  5.0
Evocations     | 2 5 7 |  7.5

Action                   |  1- 3 |  4- 6 |  7- 9 | 10-12 | 13-15 || total
-------------------------+-------+-------+-------+-------+-------++-------
Melee: War axe           |   208 |   225 |   217 |   260 |   826 ||  1736
       Headbutt          |       |       |    75 |   195 |   235 ||   505
       Hand axe          |       |       |   221 |   489 |       ||   710
       Flail             |       |       |       |    13 |     8 ||    21
       Broad axe         |       |       |       |       |     2 ||     2
       Unarmed           |       |       |       |       |     2 ||     2
Invok: Lesser Servant of |       |       |       |    10 |    17 ||    27
 Abil: Evoke Invisibilit |       |       |       |     1 |     1 ||     2
Evoke: Wand              |       |       |       |     1 |     3 ||     4
  Use: Scroll            |     4 |     4 |     7 |    12 |    11 ||    38
       Potion            |       |       |       |       |     7 ||     7
 Stab: Sleeping          |       |       |     1 |       |       ||     1
       Invisible         |       |       |       |       |     2 ||     2
       Distracted        |       |       |       |       |     1 ||     1
       Petrified         |       |       |       |       |     6 ||     6
       Petrifying        |       |       |       |       |     2 ||     2
  Eat: Chunk             |     5 |     9 |    15 |    30 |    15 ||    74
       Bread ration      |       |       |       |     1 |     2 ||     3
Armor: Scale mail        |   107 |   119 |   148 |    16 |       ||   390
       Plate armour      |       |       |       |   288 |   166 ||   454
       Chain mail        |       |       |       |       |   109 ||   109
Dodge: Dodged            |   106 |    98 |   140 |   207 |   129 ||   680
Block: Shield            |   118 |   149 |   200 |   343 |       ||   810
       Large shield      |       |       |       |    97 |   663 ||   760
